 Dungeon Crawl Stone Soup version 0.31-a0-986-g5e6e4ef867 (console) character file.

Game seed: 7577691559455296143

2 petzl the Sneak (level 1, -2/18 HPs)
             Began as a Formicid Delver on Nov 16, 2023.
             Killed from afar by an orc wizard (8 damage)
             ... with a puff of flame
             ... on level 5 of the Dungeon.
             The game lasted 00:01:27 (111 turns).

petzl the Sneak (Formicid Delver)                    Turns: 111, Time: 00:01:27

Health: -2/18      AC:  3    Str: 16    XL:     1   Next: 44%
Magic:  1/1        EV: 12    Int:  9    God:
Gold:   0          SH:  0    Dex: 15    Spells: 1/1 levels left

rFire   . . .        a - +0 mace
rCold   . . .        (no shield)
rNeg    . . .        b - +0 leather armour
rPois   .            (helmet unavailable)
rElec   .            (no cloak)
rCorr   .            (no gloves)
SInv    +            (no boots)
Will    .....        (no amulet)
Stlth   +++          (no ring)
HPRegen 0.23/turn    (no ring)
MPRegen 0.07/turn

%: no passive effects
@: no status effects
A: permanent stasis, dig shafts and tunnels, antennae 3, four strong arms
a: Dig, Shaft Self


You were on level 5 of the Dungeon.
You visited 1 branch of the dungeon, and saw 3 of its levels.

Inventory:

Hand Weapons
 a - a +0 mace (weapon)
Armour
 b - a +0 leather armour (worn)
Wands
 f - a wand of digging (3)
Scrolls
 c - a scroll of fog
 d - a scroll of revelation
 e - a scroll of fear


   Skills:
 - Level 3.3 Fighting
 - Level 2.0 Maces & Flails
 - Level 1.7 Dodging
 - Level 6.0 Stealth
 + Level 0.6 Spellcasting


You had one spell level left.
You didn't know any spells.
Your spell library was empty.

Dungeon Overview and Level Annotations

Branches:
Dungeon (5/15)
 Temple: D:4-7

Altars:
Xom


Innate Abilities, Weirdness & Mutations

You cannot be hasted, slowed, berserked, paralysed or teleported.
You can dig through walls and to a lower floor.
You have a pair of large antennae on your head. (SInv)
Your four strong arms can wield two-handed weapons with a shield.


Message History

* * * LOW HITPOINT WARNING * * *
The adder closely misses you.
A jackal comes into view.
The bat closely misses you. The bat barely misses you. The adder misses you.
There is a stone staircase leading down here.
The bat barely misses you. The bat closely misses you.
The bat barely misses you. The bat hits you but does no damage.
The bat barely misses you. The hound barely misses you.
The adder barely misses you.
You climb downwards.
The adder hisses angrily.
There is a stone staircase leading up here.
The bat closely misses you. x3; The bat hits you but does no damage. x2
Are you sure you want to shaft yourself?
The bat hits you but does no damage. The bat barely misses you. x2
You begin to dig a shaft.
You continue digging a shaft.
The bat closely misses you. The adder bites you.
* * * LOW HITPOINT WARNING * * *
The bat closely misses you. The bat hits you.
* * * LOW HITPOINT WARNING * * *
The adder bites you.
* * * LOW HITPOINT WARNING * * *
The adder completely misses you. A shaft appears beneath you!
You fall into a shaft and drop 1 floor!
The shaft crumbles and collapses.
Unknown command.
Unknown command.
You start resting.
You sense a monster nearby.
Unknown command.
Unknown command.
An orc comes into view. It is wielding a +0 hand axe.
Found a leather armour.
An orc comes into view. It is wielding a +0 dagger.
The orc wizard gestures at you while chanting.
You resist with significant effort.
The sentinel's mark upon you fades away.
The orc wizard points at you and mumbles some strange words.
The puff of flame hits you!
You die...

...........
#......?.
..#........
#h.o..<...
#.........
#.......[..
.o.........
##.##...... #.
....... # ..[.....
..#.......s.. ##.
...... #.. .o... ...
####.. ..#.##...
#....#######.....s..
#.....##.##.o{##[.#
##.......o....#....
#.........#{...#
#...@....###...#
##..#...o.h....#
####......s#.##
#......#### ########


You could see a scorpion, a hound, an orc wizard and an orc.

Vanquished Creatures
  An endoplasm (D:3)
  A bat (D:3)
  A rat (D:3)
3 creatures vanquished.

Notes
Turn   | Place    | Note
-------+----------+-------------------------------------------
     0 | D:5      | petzl the Formicid Delver began the quest for the Orb.
     0 | D:5      | Reached XP level 1. HP: 18/18 MP: 1/1
     6 | D:5      | Noticed a hound
    11 | D:5      | Noticed an orc wizard
    12 | D:5      | Noticed a scorpion
    57 | D:3      | Found a shimmering altar of Xom.
    57 | D:3      | Found a shimmering altar of Xom.
    57 | D:3      | Found a shimmering altar of Xom.
    57 | D:3      | Found a shimmering altar of Xom.
    57 | D:3      | Found a shimmering altar of Xom.
    58 | D:3      | Found a shimmering altar of Xom.
    88 | D:3      | Noticed an iguana
    89 | D:3      | Noticed a hound
    96 | D:4      | You fall into a shaft and drop 1 floor!
   111 | D:5      | Killed from afar by an orc wizard

Illustrated notes

Levels and vault maps discovered:
D:3:      layout_rooms, mainiacjoe_overflow_alcove_4, xom_redecorated,
          yredelemnul_altar_generic, solitary_fountain
D:4:      layout_rooms, uniq_duvessa, uniq_menkaure
D:5:      layout_cave_pools

Action                     || total
---------------------------++-------
  Melee: Mace              ||    21
Ability: Shaft Self        ||     1
   Stab: Distracted        ||     1
 Armour: Leather armour    ||    24
  Dodge: Dodged            ||    36

Table legend: (Time is in decaauts)
 A = Elapsed time spent in this place.
 B = Non-inter-level travel time spent in this place.
 C = Inter-level travel time spent in this place.
 D = Time resting spent in this place.
 E = Time spent auto-exploring this place.
 F = Levels seen in this place.
 G = Mean time per level.
                   A        B        C        D        E       F      G
               +--------+--------+--------+--------+--------+-----+--------+
         Total |    118 |    118 |      0 |     16 |      0 |   3 |   39.3 |
       Dungeon |    118 |    118 |      0 |     16 |      0 |   3 |   39.3 |
               +--------+--------+--------+--------+--------+-----+--------+

Top non-repeatable levels by time:
     D:3: 81 daAuts
     D:5: 27 daAuts
     D:4: 9 daAuts
